 Dungeon Crawl Stone Soup version 0.31-a0-1082-g7d1fb776a8 (webtiles) character file.

Game seed: 4206191328716533650

417 Flugslaktarn the Changeling (level 6, -4/42 HPs)
             Began as an Octopode Shapeshifter on Nov 28, 2023.
             Slain by an ice beast (9 damage)
             ... on level 5 of the Dungeon.
             The game lasted 00:01:19 (3065 turns).

Flugslaktarn the Changeling (Octopode Shapeshifter) Turns: 3065, Time: 00:01:19

Health: -4/42      AC:  1    Str: 13    XL:     6   Next: 92%
Magic:  6/6        EV: 13    Int: 12    God:
Gold:   269        SH:  0    Dex: 14    Spells: 5/5 levels left

rFire   . .          .
                       - Unarmed
rCold   . . .        (no shield)
rNeg    . . .        (helmet currently unavailable)
rPois   .            (no amulet)
rElec   .            (no ring)
rCorr   .            (no ring)
SInv    .            (no ring)
Will    .....        (no ring)
Stlth   ++           (no ring)
HPRegen 0.27/turn    (no ring)
MPRegen 0.10/turn    (no ring)
                     (no ring)

%: no passive effects
@: beast-form
A: beast (slay +3), almost no armour, amphibious, 8 rings, camouflage 1,
gelatinous body 1, (nimble swimmer 1), tentacles
a: Begin Untransformation


You were on level 5 of the Dungeon.
You were a hulking beast.
You visited 1 branch of the dungeon, and saw 5 of its levels.

You collected 269 gold pieces.

Inventory:

Missiles
 f - 5 curare-tipped darts
Talismans
 b - a beast talisman
 c - a flux talisman
Scrolls
 g - a scroll of silence {unknown}
 i - 2 scrolls of enchant armour
 j - a scroll of vulnerability {unknown}
 m - a scroll of immolation {unknown}
 n - a scroll of fear {unknown}
 t - 3 scrolls of teleportation
 z - a scroll of blinking
Potions
 a - a potion of lignification
 d - a potion of might
 e - a potion of ambrosia {unknown}
 h - a potion of brilliance {unknown}
 k - a potion of magic {unknown}
 l - 3 potions of cancellation {unknown}


   Skills:
 + Level 3.3 Fighting
 - Level 2.0 Dodging
 + Level 4.5 Unarmed Combat
 * Level 5.4 Shapeshifting


You had 5 spell levels left.
You didn't know any spells.
Your spell library was empty.

Dungeon Overview and Level Annotations

Branches:
Dungeon (5/15)
 Temple: D:4-7

Altars:
Gozag

Shops:
D:2 [


Innate Abilities, Weirdness & Mutations

You are a hulking beast.
Your limbs bulge with bestial killing power. (Slay +3)
You cannot wear most types of armour.
You are amphibious.
You can wear up to eight rings at the same time.
Your skin changes colour to match your surroundings (Stealth+).
Your rubbery body absorbs attacks. (AC +1, EV +1)
((You are camouflaged when in or above water. (Stealth+)))
You have tentacles for arms and can constrict up to eight enemies at once.


Message History

You kill the orc priest!
The hound misses you. The orc closely misses you.
You tentacle-slap the hound. You grab the hound. You squeeze the hound.
The hound is lightly wounded.
You constrict the hound.
The hound bites you. x2; The orc misses you.
The orc barely misses you.
You tentacle-slap the hound. You squeeze the hound!
You kill the hound!
The orc hits you but does no damage.
The orc hits you from afar with a +0 trident.
You tentacle-slap the orc. Your grab misses the orc.
The orc is almost dead.
The orc misses you. x2
You closely miss the orc. You grab the orc. You squeeze the orc.
You kill the orc!
The orc misses you.
You bludgeon the orc!
You kill the orc!
Things that are here:
a +0 trident; an orc corpse No target in view!
You start resting.
HP restored.
Things that are here:
a +0 trident; an orc corpse
There is an open door, spattered with blood here.
You see here a +0 whip.
There is an open door here.
There is an open door here.
An iguana comes into view.
An iguana is nearby!
An iguana is nearby!
An iguana is nearby!
The iguana hisses angrily.
The iguana bites you!
You tentacle-slap the iguana. You grab the iguana.
You squeeze the iguana, but do no damage.
The iguana is moderately wounded.
You constrict the iguana, but do no damage.
The iguana bites you!
You tentacle-slap the iguana. You squeeze the iguana!
You kill the iguana!
No target in view!
No target in view!
You open the door.
Found a stone staircase leading down.
There is an open door here.
n - a scroll labelled TOYRGHE AKUO
There is an open door here.
You open the door.
There is an open door here.
You now have 269 gold pieces (gained 10).
There is an open door here.
There is an open door here.
There is an open door here.
There is an open door here.
Done exploring.
Done exploring.
No target in view!
No target in view!
No target in view!
No target in view!
Done exploring.
Okay, then.
There is an open door here.
There is a stone staircase leading down here.
You climb downwards.
There is a stone staircase leading up here.
A hound is nearby!
Unknown command.
A hound is nearby!
A hound is nearby!
A hound is nearby!
An ice beast comes into view.
The helpless ice beast fails to defend itself.
You tentacle-slap the ice beast.
The ice beast is lightly wounded.
The hound barks!
You tentacle-slap the ice beast. You squeeze the ice beast.
The ice beast is heavily wounded.
The ice beast hits you. The ice beast freezes you! The hound bites you.
You barely miss the ice beast.
The ice beast is heavily wounded.
The hound bites you. The ice beast barely misses you. The hound bites you.
You tentacle-slap the ice beast. Your squeeze misses the ice beast.
The ice beast is severely wounded.
The ice beast closely misses you. The hound barely misses you.
You tentacle-slap the ice beast.
You tentacle-slap the ice beast, but do no damage.
The ice beast is almost dead.
The hound bites you. The ice beast hits you. The ice beast freezes you!
* * * LOW HITPOINT WARNING * * *
You are too injured to fight recklessly!
You are too injured to fight recklessly!
You tentacle-slap the ice beast.
The ice beast is almost dead.
The hound closely misses you. The ice beast hits you.
* * * LOW HITPOINT WARNING * * *
The ice beast freezes you!
You die...

... #.. ##..
... ... ....
..# ..... ##.#
.. #...##..#
##...
#.....#<#......
##....#........
#....Yh.##.....
#..##.h## ....
#...# ### ##..#
####


You could see an ice beast and a hound.

Vanquished Creatures
  2 phantoms (D:4)
  A scorpion (D:4)
  A hound (D:4)
  An orc priest (D:4)
  Terence (D:3)
  2 iguanas (D:4)
  2 adders
  2 worms (D:2)
  2 dart slugs (D:2)
  3 orcs (D:4)
  3 endoplasms
  A giant cockroach (D:1)
  5 goblins
  2 hobgoblins
  7 kobolds
  4 quokkas
  3 ball pythons
  5 bats
  2 frilled lizards
  5 rats
54 creatures vanquished.

Notes
Turn   | Place    | Note
-------+----------+-------------------------------------------
     0 | D:1      | Flugslaktarn the Octopode Shapeshifter began the quest for
                  | the Orb.
     0 | D:1      | Reached XP level 1. HP: 13/13 MP: 1/1
   297 | D:1      | Reached XP level 2. HP: 16/18 MP: 2/2
   834 | D:2      | Reached XP level 3. HP: 16/23 MP: 3/3
  1028 | D:2      | Found Ygeeck's Armour Shoppe.
  1596 | D:3      | Found an opulent altar of Gozag.
  1740 | D:3      | Reached XP level 4. HP: 29/29 MP: 4/4
  1806 | D:3      | Noticed Terence
  1816 | D:3      | Killed Terence
  1817 | D:3      | Reached skill level 4 in Shapeshifting
  2188 | D:4      | Reached XP level 5. HP: 34/34 MP: 5/5
  2443 | D:4      | Noticed a phantom
  2454 | D:4      | Killed a phantom
  2455 | D:4      | Reached XP level 6. HP: 27/41 MP: 6/6
  2668 | D:4      | Reached skill level 5 in Shapeshifting
  3057 | D:5      | Entered Level 5 of the Dungeon
  3058 | D:5      | Noticed an ice beast
  3065 | D:5      | Slain by an ice beast

Illustrated notes

Levels and vault maps discovered:
D:1:      dpeg_arrival_long_road, layout_loops_ring
D:2:      layout_loops_ring, serial_shops, shop
D:3:      layout_loops_cross, nicolae_gozag_cash_rules_everything_around_me,
          uniq_terence
D:4:      layout_gridville
D:5:      layout_cave_pools, uniq_duvessa

Skill      XL: |  1  2  3  4  5  6 |
---------------+-------------------+-----
Fighting       | 2 3 |  3.3
Shapeshifting  | 4 5 |  5.4
Unarmed Combat | 4 |  4.5
Dodging        | |  2.0

Action                     |  1- 3 |  4- 6 || total
---------------------------+-------+-------++-------
  Melee: Unarmed           |    80 |    60 ||   140
         Constrict         |    19 |    10 ||    29
         Tentacles         |     9 |    14 ||    23
         Punch             |     3 |     4 ||     7
    Use: Scroll            |     6 |       ||     6
   Stab: Sleeping          |     5 |     6 ||    11
 Armour: Skin              |    36 |    33 ||    69
  Dodge: Dodged            |    49 |    32 ||    81

Table legend: (Time is in decaauts)
 A = Elapsed time spent in this place.
 B = Non-inter-level travel time spent in this place.
 C = Inter-level travel time spent in this place.
 D = Time resting spent in this place.
 E = Time spent auto-exploring this place.
 F = Levels seen in this place.
 G = Mean time per level.
                   A        B        C        D        E       F      G
               +--------+--------+--------+--------+--------+-----+--------+
         Total |   3054 |   2956 |     98 |     53 |   2514 |   5 |  610.8 |
       Dungeon |   3054 |   2956 |     98 |     53 |   2514 |   5 |  610.8 |
               +--------+--------+--------+--------+--------+-----+--------+

Top non-repeatable levels by time:
     D:4: 878 daAuts
     D:2: 770 daAuts
     D:1: 743 daAuts
     D:3: 654 daAuts
     D:5: 7 daAuts
